 Dungeon Crawl Stone Soup version 0.31-a0-479-g91c9547826 (console) character file.

Game seed: 5176733730011457879

0 Lexodia the Vexing (level 1, 0/7 HPs)
             Began as a Felid Enchanter on Aug 7, 2023.
             Slain by a hobgoblin (2 damage)
             ... on level 1 of the Dungeon.
             The game lasted 00:00:23 (92 turns).

Lexodia the Vexing (Felid Enchanter)                  Turns: 92, Time: 00:00:24

Health: 0/7        AC:  1    Str:  4    XL:     1   Next: 8%
Magic:  4/4        EV: 17    Int: 16    God:
Gold:   0          SH:  0    Dex: 16    Spells: 4/4 levels left
                                        Lives:  0   Deaths: 0

rFire   . .          .
                       - Unarmed
rCold   . . .        (shield unavailable)
rNeg    . . .        (body armour unavailable)
rPois   .            (helmet unavailable)
rElec   .            (cloak unavailable)
rCorr   .            (gloves unavailable)
SInv    +            (boots unavailable)
Will    .....        (no amulet)
Stlth   +++          (no ring)
HPRegen 0.21/turn    (no ring)
MPRegen 0.09/turn

%: no passive effects
@: quick
A: very small, claws 1, fangs 3, see invisible, speed 1, shaggy fur 1, stealthy
paws, no weapons or thrown items, no armour, multi-lived
a: no special abilities


You were on level 1 of the Dungeon.
You visited 1 branch of the dungeon, and saw 1 of its levels.

Inventory:

Potions
 a - 2 potions of invisibility
 b - a potion of lignification {unknown}


   Skills:
 - Level 2.6 Dodging
 - Level 4.0 Stealth
 + Level 1.1 Unarmed Combat
 - Level 2.0 Spellcasting
 - Level 4.4 Hexes


You had 4 spell levels left.
You didn't know any spells.
Your spell library contained the following spells:

 Spells                   Type           Power      Damage    Failure   Level
 Confusing Touch          Hex            15%        N/A       11%         3
 Tukima's Dance           Hex            15%        N/A       11%         3
 Ensorcelled Hibernation  Hex/Ice        16%        N/A       13%         2
 Dazzling Flash           Conj/Hex       16%        N/A       26%         3


Dungeon Overview and Level Annotations

Branches:
Dungeon (1/15)

Altars:

Shops:
D:1 *


Innate Abilities, Weirdness & Mutations

You have sharp claws.
You have razor-sharp teeth.
You have supernaturally acute eyesight. (SInv)
You cover ground quickly. (Speed+)
You are covered in fur. (AC +1)
Your paws help you pounce on unaware monsters.
You are incapable of wielding weapons or throwing items.
You cannot wear armour.
You gain extra lives every three experience levels.


Message History

There is a stone staircase leading down here.
A hobgoblin and a rat come into view.
The rat twitches its whiskers.
You scratch the rat.
The rat is moderately wounded.
The rat bites you.
Huge Dmg: -28%(-2hp) hp: 72%(5hp)
You scratch the rat.
You kill the rat!
The hobgoblin shouts!
You scratch the hobgoblin but do no damage.
The hobgoblin closely misses you.
You closely miss the hobgoblin. The hobgoblin barely misses you.
You barely miss the hobgoblin. The hobgoblin misses you.
You scratch the hobgoblin but do no damage.
The hobgoblin misses you.
You scratch the hobgoblin but do no damage.
Your bite misses the hobgoblin. The hobgoblin misses you.
You scratch the hobgoblin but do no damage.
Your bite misses the hobgoblin. The hobgoblin hits you.
Damage: -14%(-1hp) hp: 72%(5hp)
You scratch the hobgoblin but do no damage.
The hobgoblin closely misses you.
You scratch the hobgoblin.
The hobgoblin is moderately wounded.
The hobgoblin misses you.
You barely miss the hobgoblin.
You bite the hobgoblin, but do no damage.
The hobgoblin is moderately wounded.
The hobgoblin hits you.
Ouch! That really hurt!
* * * LOW HITPOINT WARNING * * *
Huge Dmg: -57%(-4hp) hp: 15%(1hp)
You scratch the hobgoblin. Your bite misses the hobgoblin.
The hobgoblin is heavily wounded.
The hobgoblin closely misses you.
You scratch the hobgoblin but do no damage.
The hobgoblin is heavily wounded.
The hobgoblin hits you.
You die...

#.# #.# #.# #.#
#.# #.#
########## #g#
#........# #@#
#.######.# #.#
#.#....#.#
#.#####.#.##.#.#
#............#.#
#######.#.####.#
#.#......#
#.......##
#######.# #.#


You could see a hobgoblin.

Vanquished Creatures
  A rat (D:1)
1 creature vanquished.

Notes
Turn   | Place    | Note
-------+----------+-------------------------------------------
     0 | D:1      | Lexodia the Felid Enchanter began the quest for the Orb.
     0 | D:1      | Reached XP level 1. HP: 7/7 MP: 4/4
     2 | D:1      | Found Sezadoc's General Store.
    80 | D:1      | Huge Dmg: 2 dmg
    91 | D:1      | Huge Dmg: 4 dmg
    92 | D:1      | Slain by a hobgoblin

Illustrated notes

Levels and vault maps discovered:
D:1:      mrwooster_arrival_statue, layout_basic, serial_shops, shop

Action                     || total
---------------------------++-------
  Melee: Unarmed           ||    13
         Bite              ||     1
  Dodge: Dodged            ||     8

Table legend: (Time is in decaauts)
 A = Elapsed time spent in this place.
 B = Non-inter-level travel time spent in this place.
 C = Inter-level travel time spent in this place.
 D = Time resting spent in this place.
 E = Time spent auto-exploring this place.
 F = Levels seen in this place.
 G = Mean time per level.
                   A        B        C        D        E       F      G
               +--------+--------+--------+--------+--------+-----+--------+
         Total |     76 |     76 |      0 |      0 |     58 |   1 |   76.0 |
       Dungeon |     76 |     76 |      0 |      0 |     58 |   1 |   76.0 |
               +--------+--------+--------+--------+--------+-----+--------+

Top non-repeatable levels by time:
     D:1: 76 daAuts
